 Dungeon Crawl Stone Soup version 0.20.1-1-g8b1a95d (webtiles) character file.

367100 poirepourri the Warrior (level 22, -24/149 HPs)
             Began as a Gargoyle Fighter on Nov 3, 2017.
             Was the Champion of Cheibriados.
             Killed by Shatter
             ... invoked by Jorgrun
              (78 damage)
             ... on level 2 of the Vaults.
             The game lasted 01:39:57 (54726 turns).

poirepourri the Warrior (Gargoyle Fighter)         Turns: 54726, Time: 01:40:02

Health: -24/149    AC: 54    Str: 37    XL:     22   Next: 58%
Magic:  41/41      EV: 35    Int: 25    God:    Cheibriados [******]
Gold:   4750       SH: 26    Dex: 60    Spells: 21/21 levels left

rFire    x . .     SeeInvis +   I - +5 flail "Juysi" {freeze, Fragile +Blink rElec rF- Dex+8}
rCold    x . .     Gourm    +   c - +5 shield
rNeg     + + +     Faith    .   Q - +9 plate armour of the Old World {Dex+2}
rPois    ∞         Spirit   .   H - +1 helmet "Paanoumo" {*Slow rN++ MR+}
rElec    +         Reflect  .   U - +2 cloak {MR+}
rCorr    .         Harm     .   o - +2 pair of gloves
MR       +++..                  e - +2 pair of boots of the Engineer {Dex+6}
Stlth    ..........             T - amulet "Ecumewkoa" {Gourm rC- rN+ Dex+3 SInv}
Regen    0.4/turn               O - ring "Wieluaqu" {*Slow +Blink rElec MP+9 Dex+10}
MPRegen  0.3/turn               y - +4 ring of evasion

@: very slow
A: big wings, negative energy resistance 1, electricity resistance, unbreathing,
petrification resistance, rot immunity, AC +16
}: 2/15 runes: decaying, gossamer
a: Fly, Bend Time, Temporal Distortion, Slouch, Step From Time, Renounce
Religion, Evoke Blink


You were on level 2 of the Vaults.
You worshipped Cheibriados.
Cheibriados was exalted by your worship.
You were completely stuffed.

You visited 8 branches of the dungeon, and saw 37 of its levels.
You also visited: Ossuary.

You collected 5916 gold pieces.
You spent 1166 gold pieces at shops.

Inventory:

Hand Weapons
 a - a +7 flail of draining
 b - a +2 hand crossbow
 I - the +5 flail "Juysi" (weapon) {freeze, Fragile +Blink rElec rF- Dex+8}
   (You found it on level 3 of the Elven Halls)

   It has been specially enchanted to freeze those struck by it, causing extra
   injury to most foes and up to half again as much damage against particularly
   susceptible opponents.
   It can also slow down cold-blooded creatures.
   It affects your dexterity (+8).
   It makes you vulnerable to fire.
   It insulates you from electricity.
   It lets you blink.
   It will be destroyed if unequipped.
Missiles
 C - 36 tomahawks (quivered)
 J - 465 bolts
Armour
 c - a +5 shield (worn)
 e - the +2 pair of boots of the Engineer (worn) {Dex+6}
   (You acquired it on level 2 of the Swamp)

   It affects your dexterity (+6).
 o - a +2 pair of gloves (worn)
 r - +0 acid dragon scales
 H - the +1 helmet "Paanoumo" (worn) {*Slow rN++ MR+}
   (You found it on level 7 of the Dungeon)

   It greatly protects you from negative energy.
   It affects your resistance to hostile enchantments.
   It may slow you when you take damage.
 Q - the +9 plate armour of the Old World (worn) {Dex+2}
   (You found it on level 3 of the Elven Halls)

   It affects your dexterity (+2).
 U - a +2 cloak of magic resistance (worn)
Jewellery
 n - an uncursed amulet of guardian spirit
 q - the ring "Gomuf" {rElec rC+ Dex+3}
   (You found it on level 3 of the Elven Halls)

   [ring of protection from cold]

   It affects your dexterity (+3).
   It protects you from cold.
   It insulates you from electricity.
 y - a +4 ring of evasion (right hand)
 F - an uncursed ring of wizardry
 M - an uncursed ring of fire
 N - a +3 ring of protection
 O - the ring "Wieluaqu" (left hand) {*Slow +Blink rElec MP+9 Dex+10}
   (You found it on level 14 of the Dungeon)

   [ring of magical power]

   It affects your dexterity (+10).
   It insulates you from electricity.
   It affects your magic capacity (+9).
   It lets you blink.
   It may slow you when you take damage.
 T - the amulet "Ecumewkoa" (around neck) {Gourm rC- rN+ Dex+3 SInv}
   (You found it on level 6 of the Lair of Beasts)

   [amulet of the gourmand]

   It allows you to eat raw meat even when not hungry.
   It affects your dexterity (+3).
   It makes you vulnerable to cold.
   It protects you from negative energy.
   It lets you see invisible.
 V - the amulet of the Firefly {Reflect Str+2 Int+6 SH+4}
   (You found it on level 3 of the Elven Halls)

   [amulet of reflection]

   It shields you and reflects attacks.
   It affects your strength (+2).
   It affects your intelligence (+6).
   It affects your SH (+4).
 Z - the amulet of Mifiofoev {+Rage MR+}
   (You found it on level 3 of the Elven Halls)

   [amulet of rage]

   It affects your resistance to hostile enchantments.
   It lets you go berserk.
Wands
 d - a wand of digging (24/24)
 h - a wand of enslavement (24/24)
 K - a wand of flame (39/48)
 L - a wand of iceblast (12/15)
 R - a wand of acid (9/15)
 X - a wand of lightning (15/15)
Scrolls
 i - a scroll of fear
 v - 5 scrolls of teleportation
 w - 15 scrolls of remove curse
 B - a scroll of summoning
 D - 2 scrolls of blinking
 E - a scroll of recharging
Potions
 j - 14 potions of curing
 k - 4 potions of magic
 l - 5 potions of cancellation
 u - a potion of invisibility
 x - 2 potions of might
 z - 5 potions of ambrosia
 G - 2 potions of resistance
Books
 s - a book of Power

   Spells                             Type                      Level
   a - Iskenderun's Battlesphere      Conjuration/Charms           5
   b - Venom Bolt                     Conjuration/Poison           5
   c - Bolt of Magma                  Conjuration/Fire/Earth       5
   d - Iron Shot                      Conjuration/Earth            6
   e - Orb of Destruction             Conjuration                  7
   f - Spellforged Servitor           Conjuration/Summoning        7
Miscellaneous
 p - a lamp of fire
 A - a box of beasts
 P - 4 sacks of spiders
 S - a phantom mirror
 W - a phial of floods
Comestibles
 f - 15 bread rations
 g - 11 royal jellies
 t - 2 meat rations


   Skills:
 - Level 19.0 Fighting
 - Level 16.6 Maces & Flails
 - Level 8.2 Crossbows
 - Level 12.5 Armour
 + Level 15.2 Dodging
 - Level 15.4 Shields
 - Level 14.2 Invocations
 - Level 10.8 Evocations


You had 21 spell levels left.
You didn't know any spells.

Dungeon Overview and Level Annotations

Branches:
Dungeon (15/15)            Temple (1/1) D:6            Lair (6/6) D:11
  Swamp (4/4) Lair:3       Spider (4/4) Lair:3        Slime (0/5) Lair:5
    Orc (2/2) D:11            Elf (3/3) Orc:2        Vaults (2/5) D:13
 Depths (0/5) D:15
  Crypt: Vaults:2-3

Altars:
Ashenzari
Cheibriados
Dithmenos
Elyvilon
Fedhas
Gozag
Hepliaklqana
Kikubaaqudgha
Makhleb
Nemelex Xobeh
Okawaru
Qazlal
Ru
Sif Muna
Trog
Uskayaw
Vehumet
Xom
Yredelemnul
Zin
The Shining One

Shops:
D:8 [   D:10 *   D:11 ([   Orc:2 [*(}*   Vaults:1 }   Vaults:2 %

Annotations:
D:6 Prince Ribbit
Vaults:2 Jorgrun


Innate Abilities, Weirdness & Mutations

You are resistant to torment.
Your stone body is resilient. (AC +16)
You are immune to poison.
Your large and strong wings let you fly indefinitely.
You resist negative energy. (rN+)
You are resistant to electric shocks. (rElec)
You can survive without breathing.
You are immune to petrification.
You are immune to rotting.


Message History

You sock Jorgrun! You freeze Jorgrun.
Jorgrun is moderately wounded.
A storm dragon skeleton comes into view.
You bludgeon Jorgrun!! You freeze Jorgrun.
Jorgrun is heavily wounded.
You block Jorgrun's attack.
You sock Jorgrun! You freeze Jorgrun.
Jorgrun is severely wounded.
You bludgeon Jorgrun!! You freeze Jorgrun.
Jorgrun is almost dead.
Jorgrun says, "'tis place shall be yer tomb!"
Jorgrun misses you.
An ettin zombie comes into view.
You miss Jorgrun.
Jorgrun is almost dead.
Jorgrun gestures wildly while chanting.
The dungeon rumbles around Jorgrun!
You shudder from the earth-shattering force.
Ouch! That really hurt!
You die...

..........#........
.###.#.#..#...........#
...#.#.#..#...........###
.#######..#...........#..
.#.....#..#.............
####.###..#..........Z.Z
.#...# ...#...........#
[###.# ####...........#
.)...# #.....@.....#
(.)..# #.....[g....#
####'######.....)[)...#
.##.......)).....)).).#
.##...)...#.......)...#
.##.......#...........#
.##.......#...........#
.##.......#...........#
.##.......#...........#


You could see Jorgrun, an ettin zombie and a storm dragon skeleton.

Vanquished Creatures
  Nikola (Elf:2)
  Arachne (Spider:3)
  A large abomination (Elf:1)
  5 deep elf master archers (Elf:3)
  4 deep elf blademasters (Elf:3)
  Gastronok (Lair:3)
  3 thorn hunters (Swamp:4)
  A tengu reaver (D:14)
  Aizul (Spider:3)
  6 vault wardens
  8 ghost moths
  7 deep elf sorcerers
  9 emperor scorpions
  Louise (Swamp:3)
  4 very ugly things (Vaults:1)
  8 ironheart preservers
  2 deep elf elementalists
  3 stone giants
  7 entropy weavers
  The ghost of darthevandar the Fighter, a journeyman VSFi of Uskayaw (Orc:2)
  Nessos (Lair:6)
  7 deep elf annihilators
  2 dire elephants (Lair:6)
  Azrael (Orc:2)
  3 deep elf demonologists
  The ghost of TenguReborn the Fighter, a journeyman TeVM of Okawaru (Lair:6)
  An ettin (D:14)
  2 spark wasps
  5 deep elf death magi
  Josephine (Orc:2)
  4 fire dragons
  The ghost of SymbioosiTheGreat the Carver, a journeyman MiBe of Trog (D:9)
  5 deep elf high priests
  32 hydras
  2 rakshasas (D:14)
  A yaktaur captain (Vaults:1)
  An ice dragon (D:15)
  A great orb of eyes (Vaults:1)
  6 vault guards
  6 centaur warriors
  2 ghost crabs
  12 alligators
  21 dancing weapons
  3 ogre magi
  2 catoblepae (Lair:6)
  13 two-headed ogres
  3 tengu warriors (D:14)
  A deep troll shaman (Vaults:2)
  7 death yaks
  A deep troll earth mage (Vaults:2)
  7 spriggans
  30 deep elf knights
  3 orc high priests (Orc:2)
  A fire crab (Lair:6)
  8 skeletal warriors
  21 swamp dragons
  5 unseen horrors
  2 spriggan druids
  A glowing orange brain (Vaults:2)
  A flayed ghost (D:13)
  3 deep trolls (Vaults:2)
  3 wizards
  4 shambling mangroves
  15 orc knights
  20 deep elf archers
  A lindwurm (Lair:6)
  The ghost of StonedInZion the Cudgeler, a novice HOAK of Lugonu (D:6)
  A lindwurm (shapeshifter) (Vaults:1)
  4 necromancers
  A phantasmal warrior (D:13)
  27 orb spiders
  6 ironbrand convokers
  8 orc sorcerers
  59 deep elf magi
  The ghost of LiquoriceLizzard the Magician, a novice SpVM of Sif Muna (Ossuary)
  51 wolf spiders
  5 oklob plants
  7 cyclopes
  14 ugly things
  7 manticores
  Maurice (Orc:1)
  A moth of wrath (Spider:4)
  A black mamba (shapeshifter) (Vaults:1)
  5 black mambas
  A torpor snail (Spider:3)
  A human skeleton (Vaults:2)
  10 elephants
  6 vault sentinels
  19 spiny frogs
  2 spiny frogs (shapeshifter)
  2 gargoyles
  4 rime drakes
  9 yaktaurs (Vaults:1)
  A rime drake (shapeshifter) (Elf:2)
  A kobold demonologist (D:9)
  5 komodo dragons
  A redback zombie (D:15)
  5 freezing wraiths
  18 demonic crawlers
  A tengu conjurer (D:14)
  A troll (shapeshifter) (Elf:1)
  11 trolls
  A meliai (shapeshifter) (D:13)
  A merfolk (D:9)
  3 tyrant leeches
  37 jumping spiders
  Grinder (D:5)
  33 hornets
  40 blink frogs
  14 dream sheep
  31 slime creatures
  17 hippogriffs
  12 bog bodies
  A meliai zombie (D:14)
  3 air elementals
  3 water elementals
  83 redbacks
  33 tarantellas
  10 wraiths
  Sigmund (D:6)
  6 shadows
  20 humans (D:13)
  46 yaks
  5 fire elementals
  A hog (shapeshifter) (D:12)
  10 wyverns
  6 basilisks
  30 vampire mosquitoes
  6 wargs
  3 hungry ghosts
  A yaktaur simulacrum (Vaults:1)
  4 steam dragons
  19 swamp worms
  3 acid dragons
  A soldier ant (D:9)
  8 hell hounds (Orc:2)
  23 water moccasins
  15 porcupines
  7 black bears
  27 orc warriors
  8 sky beasts
  12 swamp drakes
  2 eyes of draining
  4 phantoms
  A boggart (Vaults:1)
  5 ice beasts
  A black bear (shapeshifter) (Elf:3)
  21 ogres
  A necrophage (D:11)
  An eye of draining (shapeshifter) (Elf:2)
  3 wolves (Lair:3)
  9 centaurs
  6 crocodiles
  2 big kobolds
  22 bullfrogs
  2 earth elementals (Elf:1)
  4 scorpions
  24 killer bees
  5 wights
  6 howler monkeys
  6 electric eels
  10 crimson imps
  7 centaur zombies
  A quasit (D:11)
  9 hounds
  4 bullfrog zombies
  7 jellies
  19 orc priests
  4 bullfrog skeletons
  8 centaur skeletons
  Jessica (D:3)
  4 iguanas
  Natasha (thrice) (D:3)
  21 orc wizards
  5 hell rats (Lair:5)
  8 worker ants
  13 mummies
  A hound zombie (D:8)
  2 hound skeletons
  A worker ant zombie (D:9)
  A howler monkey zombie (D:6)
  A howler monkey skeleton (D:10)
  16 adders
  6 shadow imps
  2 oozes
  A worm (D:3)
  3 dart slugs
  9 leopard geckos
  88 orcs
  2 bat zombies (D:4)
  19 giant cockroaches
  A goblin (D:2)
  12 hobgoblins
  10 jackals
  3 quokkas
  3 ball pythons
  5 bats
  2 frilled lizards
  A giant cockroach zombie (D:5)
  2 gnoll skeletons (Ossuary)
  4 goblin skeletons (Ossuary)
  14 kobolds
  A leopard gecko zombie (D:5)
  An orc skeleton (Ossuary)
  A quokka zombie (D:7)
  7 rats
  10 rat skeletons (Ossuary)
  8 crawling corpses
1716 creatures vanquished.

Vanquished Creatures (others)
  A deep elf elementalist (Elf:3)
  A hydra (Swamp:3)
  4 deep elf knights
  A deep troll (Vaults:2)
  A wizard (Vaults:1)
  2 deep elf magi (Elf:2)
  A blink frog (Swamp:4)
  A swamp worm (Swamp:3)
  3 swamp drakes (Swamp:3)
  An orc warrior (Vaults:2)
  An orc wizard (Orc:2)
  2 orcs (Elf:1)
  A gnoll skeleton (Ossuary)
  A rat skeleton (Ossuary)
  4 briar patches (Swamp:4)
  17 bushes
  8 fungi
  6 plants
56 creatures vanquished.

Grand Total: 1772 creatures vanquished

Notes
Turn   | Place    | Note
-------+----------+-------------------------------------------
     0 | D:1      | poirepourri the Gargoyle Fighter began the quest for the Orb.
     0 | D:1      | Reached XP level 1. HP: 14/14 MP: 1/1
    91 | D:1      | Reached XP level 2. HP: 19/19 MP: 2/2
   658 | D:1      | Reached XP level 3. HP: 22/23 MP: 3/3
  1365 | D:2      | Reached XP level 4. HP: 28/28 MP: 4/4
  2161 | D:3      | Found a deep blue altar of Sif Muna.
  2169 | D:3      | Found a shadowy altar of Dithmenos.
  2360 | D:3      | Found a bloodstained altar of Trog.
  2366 | D:3      | Noticed Natasha
  2385 | D:3      | Killed Natasha
  2385 | D:3      | Reached skill level 5 in Maces & Flails
  2385 | D:3      | Reached XP level 5. HP: 21/32 MP: 5/5
  2482 | D:3      | Noticed Jessica
  2484 | D:3      | Noticed Natasha
  2488 | D:3      | Killed Jessica
  2490 | D:3      | Killed Natasha
  2607 | D:3      | Noticed Natasha
  2615 | D:3      | Killed Natasha
  2657 | D:3      | Found a faded altar of an unknown god.
  2781 | D:4      | Noticed an ogre
  2786 | D:4      | Killed an ogre
  2786 | D:4      | Reached XP level 6. HP: 17/37 MP: 6/6
  3231 | D:4      | Noticed a phantom
  3347 | D:4      | Killed a phantom
  3347 | D:4      | Reached XP level 7. HP: 24/41 MP: 7/7
  3958 | D:4      | Found an ancient bone altar of Kikubaaqudgha.
  4180 | D:5      | Entered Level 5 of the Dungeon
  4509 | D:5      | Reached XP level 8. HP: 43/46 MP: 8/8
  4912 | D:5      | Noticed Grinder
  4955 | D:5      | Reached skill level 4 in Fighting
  4979 | D:5      | Paralysed by Grinder for 6 turns
  5023 | D:5      | Paralysed by Grinder for 4 turns
  5054 | D:5      | Killed Grinder
  5054 | D:5      | Reached skill level 5 in Fighting
  5388 | D:5      | Found a shattered altar of Ashenzari.
  5601 | D:5      | Reached skill level 6 in Fighting
  5960 | D:6      | Noticed Sigmund
  5983 | D:6      | Killed Sigmund
  5983 | D:6      | Reached skill level 7 in Fighting
  6024 | D:6      | Found a sand-covered staircase.
  6067 | Ossuary  | Entered an ossuary
  6091 | Ossuary  | Noticed LiquoriceLizzard's ghost (novice SpVM)
  6185 | Ossuary  | Killed LiquoriceLizzard's ghost
  6185 | Ossuary  | Reached XP level 9. HP: 51/57 MP: 9/9
  6876 | D:6      | Found a staircase to the Ecumenical Temple.
  6878 | D:6      | Noticed StonedInZion's ghost (novice HOAK)
  6934 | D:6      | Killed StonedInZion's ghost
  6952 | Temple   | Entered the Ecumenical Temple
  7078 | Temple   | Became a worshipper of Cheibriados the Contemplative
  7362 | D:6      | Noticed Prince Ribbit
  7897 | D:7      | Reached skill level 1 in Dodging
  7923 | D:7      | Reached * piety under Cheibriados
  8040 | D:7      | Reached XP level 10. HP: 63/63 MP: 10/10
  8188 | D:7      | Got a heavily runed helmet
  8269 | D:7      | Identified the +1 helmet "Paanoumo" {*Slow rN++ MR+} (You found it on level 7 of the Dungeon)
  8751 | D:7      | Found a burning altar of Makhleb.
  8811 | D:7      | Reached ** piety under Cheibriados
  8876 | D:7      | Reached skill level 5 in Dodging
  9471 | D:8      | Noticed a seven-headed hydra
  9482 | D:8      | Killed a seven-headed hydra
  9482 | D:8      | Reached skill level 10 in Maces & Flails
  9678 | D:8      | Found a runed door.
  9815 | D:8      | Reached *** piety under Cheibriados
  9841 | D:8      | Noticed a red ugly thing
  9857 | D:8      | Killed a red ugly thing
  9857 | D:8      | Reached XP level 11. HP: 25/67 MP: 11/11
 10077 | D:8      | Found Omoixam's Armour Boutique.
 10485 | D:8      | Got a bound ivory ring
 10498 | D:8      | Identified the ring of the Realms {Fire Int+4} (You found it on level 8 of the Dungeon)
 10723 | D:9      | Noticed a two-headed ogre
 10739 | D:9      | Killed a two-headed ogre
 10760 | D:9      | Noticed SymbioosiTheGreat's ghost (journeyman MiBe)
 10771 | D:9      | Reached **** piety under Cheibriados
 10839 | D:9      | Killed SymbioosiTheGreat's ghost
 11003 | D:9      | Found a shimmering altar of Xom.
 11003 | D:9      | Noticed a manticore
 11010 | D:9      | Killed a manticore
 11011 | D:9      | Found a hazy altar of Hepliaklqana.
 11041 | D:9      | Noticed a two-headed ogre
 11054 | D:9      | Killed a two-headed ogre
 11272 | D:9      | Noticed a two-headed ogre
 11281 | D:9      | Killed a two-headed ogre
 11386 | D:10     | Entered Level 10 of the Dungeon
 11447 | D:10     | Reached ***** piety under Cheibriados
 11494 | D:10     | Reached XP level 12. HP: 72/72 MP: 12/12
 11977 | D:10     | Reached skill level 15 in Maces & Flails
 12015 | D:10     | Found Qoedom Pannu's Elemental Accessories.
 12596 | D:11     | Found a sacrificial altar of Ru.
 12732 | D:11     | Found a staircase to the Lair.
 13108 | D:11     | Found Gupixouq's Armour Emporium.
 13108 | D:11     | Found a staircase to the Orcish Mines.
 13111 | D:11     | Found Colaest's Weapon Emporium.
 13555 | D:11     | Reached ****** piety under Cheibriados
 13688 | D:12     | Noticed an eight-headed hydra
 13697 | D:12     | Killed an eight-headed hydra
 13904 | D:12     | Reached skill level 8 in Fighting
 13922 | D:12     | Reached XP level 13. HP: 30/79 MP: 13/13
 13926 | D:12     | Reached skill level 9 in Fighting
 14836 | Lair:1   | Entered Level 1 of the Lair of Beasts
 14864 | Lair:1   | Reached skill level 10 in Fighting
 15456 | Lair:1   | Reached skill level 11 in Fighting
 16601 | Lair:3   | Reached skill level 12 in Fighting
 16721 | Lair:3   | Noticed Gastronok
 16738 | Lair:3   | Killed Gastronok
 16925 | Lair:3   | Reached skill level 13 in Fighting
 17021 | Lair:3   | Found a staircase to the Swamp.
 17306 | Lair:3   | Found a hole to the Spider Nest.
 17882 | Lair:4   | Gained mutation: Your large and strong wings let you fly indefinitely. [Gargoyle growth]
 17882 | Lair:4   | Reached XP level 14. HP: 90/95 MP: 14/14
 17897 | Lair:4   | Reached skill level 14 in Fighting
 18799 | Lair:4   | Reached skill level 15 in Fighting
 19014 | Lair:5   | Found an opulent altar of Gozag.
 19442 | Lair:5   | Found a staircase to the Slime Pits.
 19761 | Lair:5   | Reached skill level 16 in Fighting
 20479 | Lair:6   | Entered Level 6 of the Lair of Beasts
 20532 | Lair:6   | Noticed TenguReborn's ghost (journeyman TeVM)
 20551 | Lair:6   | Killed TenguReborn's ghost
 20676 | Lair:6   | Reached skill level 17 in Fighting
 20854 | Lair:6   | Reached XP level 15. HP: 102/107 MP: 12/15
 20913 | Lair:6   | Got a warped emerald amulet
 21240 | Lair:6   | Noticed Nessos
 21261 | Lair:6   | Killed Nessos
 21337 | Lair:6   | Reached skill level 18 in Fighting
 22138 | Orc:1    | Entered Level 1 of the Orcish Mines
 22253 | Orc:1    | Noticed Maurice
 22258 | Orc:1    | Killed Maurice
 22267 | Orc:1    | Reached skill level 19 in Fighting
 22387 | Orc:1    | Identified the amulet "Ecumewkoa" {Gourm rC- rN+ Dex+3 SInv} (You found it on level 6 of the Lair of Beasts)
 22512 | Orc:2    | Entered Level 2 of the Orcish Mines
 22571 | Orc:2    | Noticed darthevandar's ghost (journeyman VSFi)
 22572 | Orc:2    | Found a staircase to the Elven Halls.
 22594 | Orc:2    | Killed darthevandar's ghost
 22819 | Orc:2    | Found Ycackov's Antique Armour Shop.
 22839 | Orc:2    | Noticed Josephine
 22849 | Orc:2    | Killed Josephine
 23180 | Orc:2    | Noticed Azrael
 23189 | Orc:2    | Killed Azrael
 23284 | Orc:2    | Found Mozeg's Assorted Antiques.
 23286 | Orc:2    | Reached skill level 5 in Invocations
 23375 | Orc:2    | Found Zyesiymu's Weapon Shop.
 23576 | Orc:2    | Found Ekhlymp's General Store.
 23582 | Orc:2    | Found Teazuha's Gadget Emporium.
 23615 | Orc:2    | Bought a phantom mirror for 990 gold pieces
 23615 | Orc:2    | Bought a scroll of identify for 66 gold pieces
 24084 | D:13     | Reached XP level 16. HP: 70/116 MP: 20/22
 24733 | D:13     | Reached skill level 10 in Invocations
 24767 | D:13     | Found a gate to the Vaults.
 26389 | D:14     | Noticed a tengu reaver
 26404 | D:14     | Killed a tengu reaver
 26636 | D:14     | Got a translucent marble ring
 28149 | Swamp:1  | Entered Level 1 of the Swamp
 28803 | Swamp:1  | Reached XP level 17. HP: 100/122 MP: 27/27
 28967 | Swamp:1  | Identified the ring "Wieluaqu" {*Slow +Blink rElec MP+9 Dex+10} (You found it on level 14 of the Dungeon)
 30106 | Swamp:2  | Identified a scroll of acquirement
 30109 | Swamp:2  | Got a pair of slimy boots
 30122 | Swamp:2  | Identified the +2 pair of boots of the Engineer {Dex+6} (You acquired it on level 2 of the Swamp)
 31221 | Swamp:3  | Noticed Louise
 31259 | Swamp:3  | Killed Louise
 31899 | Swamp:4  | Entered Level 4 of the Swamp
 32007 | Swamp:4  | Reached skill level 10 in Dodging
 32782 | Swamp:4  | Reached XP level 18. HP: 128/128 MP: 28/28
 32854 | Swamp:4  | Got a decaying rune of Zot
 33977 | Spider:1 | Entered Level 1 of the Spider Nest
 36524 | Spider:2 | Reached skill level 10 in Shields
 38733 | Spider:3 | Noticed Arachne
 38737 | Spider:3 | Noticed Aizul
 38753 | Spider:3 | Killed Aizul
 38753 | Spider:3 | Reached XP level 19. HP: 126/132 MP: 26/29
 38770 | Spider:3 | Killed Arachne
 40416 | Spider:3 | Reached skill level 15 in Shields
 41251 | Spider:4 | Entered Level 4 of the Spider Nest
 41270 | Spider:3 | Reached skill level 1 in Crossbows
 42138 | Spider:4 | Reached skill level 5 in Crossbows
 43084 | Spider:4 | Got a gossamer rune of Zot
 43731 | D:15     | Entered Level 15 of the Dungeon
 43858 | D:15     | Found a staircase to the Depths.
 44018 | D:15     | Reached XP level 20. HP: 139/139 MP: 30/30
 44077 | D:15     | Reached skill level 5 in Armour
 44822 | Elf:1    | Entered Level 1 of the Elven Halls
 46771 | Elf:2    | Reached skill level 10 in Armour
 46999 | Elf:2    | Found a runed gate.
 46999 | Elf:2    | Found a runed gate.
 46999 | Elf:2    | Found a runed gate.
 47708 | Elf:2    | Noticed Nikola
 47726 | Elf:2    | Killed Nikola
 48101 | Elf:2    | Reached skill level 1 in Evocations
 48644 | Elf:3    | Entered Level 3 of the Elven Halls
 48677 | Elf:3    | Got a sparkling pewter ring
 48710 | Elf:3    | Identified the ring "Fuschyuxo" {rElec rF- rN+ MR+ Int+2} (You found it on level 3 of the Elven Halls)
 49029 | Elf:3    | Reached XP level 21. HP: 144/144 MP: 31/31
 49039 | Elf:3    | Reached skill level 5 in Evocations
 50191 | Elf:3    | Reached skill level 10 in Evocations
 50245 | Elf:3    | Got a brightly glowing flail
 50409 | Elf:3    | Got a glittering silver ring
 50416 | Elf:3    | Identified the Reference Book on Transmutation
 50432 | Elf:3    | Got an ancient sapphire amulet
 50439 | Elf:3    | Got a slimy ring mail
 50534 | Elf:3    | Identified the +5 flail "Juysi" {freeze, Fragile +Blink rElec rF- Dex+8} (You found it on level 3 of the Elven Halls)
 50537 | Elf:3    | Got a slimy plate armour
 50544 | Elf:3    | Got a shimmering golden amulet
 50908 | D:11     | Identified the +5 ring mail "Ugha" {rF- MR- Str+8 SInv} (You found it on level 3 of the Elven Halls)
 50918 | D:11     | Identified the +9 plate armour of the Old World {Dex+2} (You found it on level 3 of the Elven Halls)
 50926 | D:11     | Got a fine hat
 50937 | D:11     | Identified the +0 hat "Rikhluor" {Int+9 Slay-3 SInv} (You acquired it on level 11 of the Dungeon)
 51146 | Vaults:1 | Entered Level 1 of the Vaults
 51779 | Vaults:1 | Found Unomniogg's Gadget Boutique.
 52020 | Vaults:1 | Identified the ring "Gomuf" {rElec rC+ Dex+3} (You found it on level 3 of the Elven Halls)
 52052 | Vaults:1 | Reached XP level 22. HP: 149/149 MP: 32/32
 53796 | Vaults:2 | Identified the amulet of the Firefly {Reflect Str+2 Int+6 SH+4} (You found it on level 3 of the Elven Halls)
 54192 | Vaults:2 | Reached skill level 15 in Dodging
 54396 | Vaults:2 | Found Ohasiok's Food Shop.
 54404 | Vaults:2 | Bought a meat ration for 55 gold pieces
 54404 | Vaults:2 | Bought a meat ration for 55 gold pieces
 54613 | Vaults:2 | Identified the amulet of Mifiofoev {+Rage MR+} (You found it on level 3 of the Elven Halls)
 54647 | Vaults:2 | Noticed Jorgrun
 54726 | Vaults:2 | Killed from afar by Jorgrun

Skill      XL: |  1  2  3  4  5  6  7  8  9 10 11 12 13 14 15 16 17 18 19 20 21 22 |
---------------+-------------------------------------------------------------------+-----
Maces & Flails | 3 4 5 6 7 9 11 14 16 | 16.6
Fighting       | 7 8 13 17 19 | 19.0
Shields        | 6 9 13 15 | 15.4
Dodging        | 3 5 11 12 13 15 | 15.2
Invocations    | 8 14 | 14.2
Crossbows      | 8 |  8.2
Armour         | 4 12 | 12.5
Evocations     | 4 10 | 10.8

Action                   |  1- 3 |  4- 6 |  7- 9 | 10-12 | 13-15 | 16-18 | 19-21 | 22-24 || total
-------------------------+-------+-------+-------+-------+-------+-------+-------+-------++-------
Melee: Flail             |   140 |   178 |   659 |   942 |  1278 |  1682 |  1745 |   530 ||  7154
 Fire: Hand crossbow     |       |       |       |       |       |   116 |   308 |       ||   424
Throw: Tomahawk          |       |       |       |       |     3 |     3 |       |       ||     6
       Javelin           |       |       |       |       |       |       |     8 |       ||     8
       Throwing net      |       |       |       |       |       |       |     3 |     1 ||     4
Invok: Slouch            |       |       |       |       |     5 |    19 |    14 |       ||    38
 Abil: Stop Flying       |       |       |       |       |       |     3 |       |       ||     3
Evoke: Wand              |       |       |       |       |       |     3 |       |       ||     3
  Use: Scroll            |     6 |     6 |    14 |     9 |    20 |    17 |    20 |     3 ||    95
       Potion            |       |     3 |     7 |     3 |     3 |     7 |     4 |     4 ||    31
 Stab: Invisible         |       |       |     1 |       |       |       |       |     9 ||    10
       Confused          |       |       |       |       |       |     1 |       |       ||     1
       Distracted        |       |       |       |       |       |     1 |     6 |       ||     7
       Sleeping          |       |       |       |       |       |     1 |     3 |       ||     4
       Held in net/web   |       |       |       |       |       |       |     1 |       ||     1
  Eat: Bread ration      |     1 |       |       |       |       |     1 |     3 |       ||     5
       Fruit             |       |     2 |       |       |     6 |     4 |     1 |       ||    13
       Meat ration       |       |     1 |     3 |     3 |     4 |     4 |     3 |     2 ||    20
       Chunk             |       |       |     1 |       |       |       |       |       ||     1
       Royal jelly       |       |       |       |       |       |     2 |     1 |       ||     3
Armor: Scale mail        |    89 |   101 |   152 |   363 |   506 |   546 |       |       ||  1757
       Skin              |       |       |    17 |       |       |       |       |       ||    17
       Acid dragon scale |       |       |       |       |       |    84 |   282 |       ||   366
       Gold dragon scale |       |       |       |       |       |     1 |       |       ||     1
       Plate armour      |       |       |       |       |       |       |    32 |   102 ||   134
Dodge: Dodged            |    55 |    53 |   315 |   621 |   946 |  2067 |  1672 |   406 ||  6135
Block: Shield            |   104 |   121 |   313 |   965 |  1827 |  2730 |  2551 |   803 ||  9414
